 Dungeon Crawl Stone Soup version 0.29.1-15-g9cfb28693d (webtiles) character file.

Game seed: 8420316954464314114

64 melkoren the Slasher (level 3, -2/28 HPs)
             Began as a Demonspawn Gladiator on Mar 13, 2023.
             Slain by a gnoll
             ... wielding a +0 flail
              (7 damage)
             ... on level 3 of the Dungeon.
             The game lasted 00:06:53 (3595 turns).

melkoren the Slasher (Demonspawn Gladiator)         Turns: 3595, Time: 00:06:54

Health: -2/28      AC:  5    Str: 12 (14) XL:     3   Next: 91%
Magic:  3/3        EV: 11    Int:  8 (9)  God:
Gold:   149        SH:  0    Dex: 15 (16) Spells: 2/2 levels left

rFire   . . .      SeeInvis .   a - +0 long sword
rCold   + . .      Faith    .   (no shield)
rNeg    . . .      Spirit   .   m - +0 ring mail {rC+}
rPois   .          Reflect  .   (helmet restricted)
rElec   .          Harm     +   f - scarf {harm}
rCorr   .          Rampage  .   (no gloves)
Will    .....                   (no boots)
Stlth   +.........              (no amulet)
HPRegen 0.09/turn               (no ring)
MPRegen 0.08/turn               (no ring)

@: no status effects
A: horns 1
a: no special abilities


You were on level 3 of the Dungeon.
You visited 1 branch of the dungeon, and saw 3 of its levels.

You collected 149 gold pieces.

Inventory:

Hand Weapons
 a - a +0 long sword (weapon)
 j - a +0 rapier
 k - a +0 dagger of venom
Missiles
 d - 3 throwing nets
 e - a javelin
 h - 4 boomerangs (quivered)
Armour
 b - a +0 leather armour
 f - a scarf of harm (worn)
 l - the +0 ring mail of the Stone Wall {rF+ Int+4 Dex-3}
   (You took it off a goblin on level 2 of the Dungeon)

   Int:       It affects your intelligence (+4).
   Dex:       It affects your dexterity (-3).
   rF:        It protects you from fire.
 m - a +0 ring mail of cold resistance (worn)
Jewellery
 c - a ring of ice
Scrolls
 g - 2 scrolls of identify
 i - a scroll of noise


   Skills:
 + Level 2.4 Fighting
 * Level 3.3 Long Blades
 + Level 2.2 Throwing
 + Level 1.1 Armour
 + Level 3.0 Dodging


You had 2 spell levels left.
You didn't know any spells.
Your spell library contained the following spells:

 Spells                   Type           Power      Damage    Failure   Level
 Dazzling Flash           Conj/Hex       0%         N/A       96%         3
 Ignite Poison            Fire/Tmut/Pois 0%         N/A       96%         3
 Mephitic Cloud           Conj/Pois/Air  0%         N/A       96%         3
 Iskenderun's Mystic Bla  Conj/Tloc      0%         2d3       100%        4
 Agony                    Necr           0%         N/A       100%        5
 Freezing Cloud           Conj/Ice/Air   0%         6-21      100%        5
 Silence                  Hex/Air        0%         N/A       100%        5
 Starburst                Conj/Fire      0%         6d3       100%        6


Dungeon Overview and Level Annotations

Branches:
Dungeon (3/15)

Altars:
Cheibriados

Shops:
D:2 (


Innate Abilities, Weirdness & Mutations

You have a pair of small horns on your head.


Message History

Your Armour skill increases to level 1!
No target in view!
No target in view!
You see here an adder corpse.
A gnoll comes into view. It is wielding a +0 club.
A gnoll is nearby!
A gnoll comes into view. It is wielding a +0 whip.
The gnoll shouts!
The gnoll moves out of view.
A gnoll comes into view. It is wielding a +0 flail.
A gnoll comes into view. It is wielding a +0 halberd.
The gnoll shouts! x2
The gnoll hits you with a +0 club.
You slash the gnoll!
The gnoll is severely wounded.
The gnoll closely misses you.
You closely miss the gnoll. Your headbutt misses the gnoll.
The gnoll is severely wounded.
The gnoll hits you with a +0 club.
You slash the gnoll!
You kill the gnoll!
The gnoll hits you with a +0 flail!
You hit the gnoll but do no damage. The gnoll barely misses you.
You hit the gnoll. Your headbutt misses the gnoll.
The gnoll is lightly wounded.
The gnoll hits you with a +0 flail.
* * * LOW HITPOINT WARNING * * *
Unknown command.
You closely miss the gnoll.
You headbutt the gnoll, but do no damage.
The gnoll is lightly wounded.
The gnoll misses you. The gnoll completely misses you.
You closely miss the gnoll.
The gnoll is lightly wounded.
The gnoll hits you with a +0 flail.
* * * LOW HITPOINT WARNING * * *
You completely miss the gnoll. Your headbutt misses the gnoll.
The gnoll is lightly wounded.
The gnoll hits you with a +0 flail.
You die...

##.......#
#..###..##
#.####.........
#.......##..###
#.####..###..#
#.......#
#...$...#
##.###### #@#
#g# #g# .g. ...
..... #...#
##.##


You could see 3 gnolls.

Vanquished Creatures
  A gnoll (D:3)
  2 adders
  3 bats
  5 endoplasms
  A giant cockroach (D:2)
  6 goblins
  4 hobgoblins
  A kobold (D:1)
  2 quokkas
  2 ball pythons
  A frilled lizard (D:1)
  6 rats
34 creatures vanquished.

Vanquished Creatures (others)
  2 plants (D:1)
2 creatures vanquished.

Grand Total: 36 creatures vanquished

Notes
Turn   | Place    | Note
-------+----------+-------------------------------------------
     0 | D:1      | melkoren the Demonspawn Gladiator began the quest for the
                  | Orb.
     0 | D:1      | Reached XP level 1. HP: 16/16 MP: 1/1
   902 | D:1      | Gained mutation: You have a pair of small horns on your
                  | head. [demonic ancestry]
   902 | D:1      | Reached XP level 2. HP: 22/22 MP: 2/2
  1986 | D:2      | Found a snail-covered altar of Cheibriados.
  2138 | D:2      | Reached XP level 3. HP: 11/27 MP: 3/3
  2390 | D:2      | Found Zeumn's Weapon Boutique.
  2392 | D:2      | Identified the +0 ring mail of the Stone Wall {rF+ Int+4
                  | Dex-3}
  2443 | D:2      | Noticed a floating eye
  3066 | D:2      | Noticed a great orb of eyes
  3068 | D:2      | Found a faded altar of an unknown god.
  3076 | D:2      | Noticed an eye of devastation
  3076 | D:2      | Noticed a golden eye
  3573 | D:3      | Reached skill level 1 in Armour
  3595 | D:3      | Slain by a gnoll

Illustrated notes

Levels and vault maps discovered:
D:1:      dpeg_arrival_boxes_within_box, layout_basic, serial_forest,
          infiniplex_forest_end_1, infiniplex_forest_clump_double,
          infiniplex_forest_lined_room_2, infiniplex_forest_clump_double,
          infiniplex_forest_clump_tiny, infiniplex_forest_end_2,
          infiniplex_forest_end_2, infiniplex_forest_clump_double,
          dreamdust_wishing_well
D:2:      layout_loops_ring, basic_altar, serial_shops,
          nicolae_shop_bloodbath_and_beyond,
          hellmonk_ecumenical_altar_watching_god, item_on_display_a
D:3:      layout_loops_corners, serial_shops, shop_fountains

Skill      XL: |  1  2  3 |
---------------+----------+-----
Throwing       | 2 |  2.2
Long Blades    | 3 |  3.3
Dodging        | 3 |  3.0
Armour         | 1 |  1.1
Fighting       | |  2.4

Action                   || total
-------------------------++-------
Melee: Long sword        ||    81
       Headbutt          ||     6
  Use: Scroll            ||     5
       Potion            ||     4
Armor: Leather armour    ||     7
       Ring mail         ||    10
Dodge: Dodged            ||    55
